 Dungeon Crawl Stone Soup version 0.21-a0-184-g9126a74 (webtiles) character file.

2983 Ijustatesigmund the Cruncher (level 10, -1/84 HPs)
             Began as a Formicid Fighter on Aug 11, 2017.
             Was a Believer of Okawaru.
             Slain by Joseph
             ... wielding a +0 quarterstaff
              (11 damage)
             ... on level 7 of the Dungeon.
             The game lasted 00:14:41 (6221 turns).

Ijustatesigmund the Cruncher (Formicid Fighter)     Turns: 6221, Time: 00:14:41

Health: -1/84      AC: 16    Str: 21    XL:     10   Next: 9%
Magic:  13/14      EV: 10    Int: 10    God:    Okawaru [**....]
Gold:   409        SH: 12    Dex: 13    Spells: 9/9 levels left

rFire    + . .     SeeInvis +   v - +1 trident (vamp)
rCold    + . .     Gourm    .   c - +0 shield
rNeg     . . .     Faith    .   b - +3 chain mail {MR+}
rPois    .         Spirit   .   (helmet unavailable)
rElec    .         Reflect  .   (no cloak)
rCorr    .         Harm     .   (no gloves)
MR       ++...                  s - +0 pair of boots
Stlth    ..........             (no amulet)
HPRegen  0.24/turn              e - ring of protection from fire
MPRegen  0.14/turn              j - ring of protection from cold

@: heroism
A: permanent stasis, dig shafts and tunnels, four strong arms, antennae 3, claws
1, rugged brown scales 1, clever 1, wild magic 1
a: Dig, Shaft Self, Heroism, Renounce Religion


You were on level 7 of the Dungeon.
You worshipped Okawaru.
Okawaru was pleased with you.
You were not hungry.

You visited 2 branches of the dungeon, and saw 9 of its levels.

You collected 409 gold pieces.

Inventory:

Hand Weapons
 a - a +0 quarterstaff of crushing
 v - a +1 vampiric trident (weapon)
Armour
 b - a +3 chain mail of magic resistance (worn)
 c - a +0 shield (worn)
 s - a +0 pair of boots (worn)
Jewellery
 e - a ring of protection from fire (left claw)
 j - a ring of protection from cold (right claw)
Wands
 d - a wand of lightning (3/15)
 o - a wand of disintegration (15/24)
Scrolls
 g - 4 scrolls of remove curse
 m - a scroll of recharging
 n - a scroll of fear
 q - 4 scrolls of identify
 u - a scroll of immolation {unknown}
Potions
 i - a potion of flight
 k - a potion of agility
 p - a potion of lignification
Books
 r - a book of Cantrips

   Spells                             Type                      Level
   a - Confusing Touch                Hexes                        1
   b - Animate Skeleton               Necromancy                   1
   c - Summon Small Mammal            Summoning                    1
   d - Apportation                    Translocation                1
Comestibles
 f - 6 bread rations
 l - 2 meat rations
 t - 2 chunks of flesh


   Skills:
 + Level 8.5(13.5) Fighting
 + Level 9.1(14.1) Staves
 - Level 4.5(9.5) Armour
 - Level 5.4(10.4) Shields
 + Level 6.0 Invocations


You had 9 spell levels left.
You didn't know any spells.

Dungeon Overview and Level Annotations

Branches:
Dungeon (8/15)             Temple (1/1) D:5
   Lair: D:8-11

Altars:
Cheibriados
Fedhas
Gozag
Kikubaaqudgha
Nemelex Xobeh
Okawaru
Ru
Trog
Uskayaw
Wu Jian
Xom
Yredelemnul
Zin

Annotations:
D:7 Joseph


Innate Abilities, Weirdness & Mutations

You cannot be hasted, slowed, berserked, paralysed or teleported.
You can dig through walls and to a lower floor.
Your four strong arms can wield two-handed weapons with a shield.
You have a pair of large antennae on your head. (SInv)
You have sharp fingernails.
You are partially covered in rugged brown scales. (AC +1, +3% HP)
Your mind is acute. (Int +2)
Your spells are a little harder to cast, but a little more powerful.


Message History

Joseph is severely wounded.
You puncture Joseph!
You feel better.
Joseph is almost dead.
Joseph hits you with an uncursed quarterstaff.
You hit Joseph but do no damage.
Joseph is almost dead.
Joseph zaps a wand.
The bolt of lightning hits you!
You hit Joseph but do no damage.
Joseph is almost dead.
Joseph zaps a wand.
The bolt of lightning hits you!
* * * LOW HITPOINT WARNING * * *
You hit Joseph.
You feel better.
Joseph is almost dead.
You closely miss Joseph.
Joseph is almost dead.
Joseph hits you but does no damage.
You hit Joseph.
You feel better.
Joseph is almost dead.
Joseph hits you with an uncursed quarterstaff!
You die...

### ..# #.# #.######
####.##...# #####
..........#####...#
.###.......<..>.#.##
## #.....###..(((@.#
####....## #.###@#.#
.....#.## #.# #†# #
######.#####.# #.#
#>....).# #..
#'#####)# ### #...
#)# #..... #.#
#....... #.. {
#.(.......###


You could see Joseph.

Vanquished Creatures
  Pikel (D:3)
  The ghost of Ijustatesigmund the Twirler, a novice FoFi (D:6)
  Grinder (D:4)
  An ice beast (D:7)
  An orc warrior (D:8)
  4 ogres
  A centaur (D:7)
  3 bullfrogs
  A howler monkey (D:6)
  5 wights (D:6)
  2 crimson imps
  A centaur skeleton (D:4)
  9 orc wizards
  2 hounds
  4 orc priests
  A bullfrog skeleton (D:5)
  Terence (D:3)
  4 worker ants
  A howler monkey skeleton (D:6)
  7 adders
  A shadow imp (D:5)
  2 oozes (D:3)
  An adder skeleton (D:6)
  3 worms
  3 dart slugs
  4 leopard geckos
  22 orcs
  10 bats
  5 giant cockroaches
  12 goblins
  9 hobgoblins
  A jackal (D:6)
  2 quokkas
  3 frilled lizards
  5 kobolds
  2 rats
136 creatures vanquished.

Vanquished Creatures (others)
  An ogre (D:4)
  Ijyb (D:4)
  An adder (D:7)
  An orc (D:4)
4 creatures vanquished.

Grand Total: 140 creatures vanquished

Notes
Turn   | Place    | Note
-------+----------+-------------------------------------------
     0 | D:1      | Ijustatesigmund the Formicid Fighter began the quest for the Orb.
     0 | D:1      | Reached XP level 1. HP: 18/18 MP: 1/1
   128 | D:1      | Reached XP level 2. HP: 24/24 MP: 2/2
   857 | D:1      | Reached XP level 3. HP: 28/29 MP: 3/3
   990 | D:2      | Reached skill level 3 in Staves
  1216 | D:2      | Found a faded altar of an unknown god.
  1361 | D:2      | Reached XP level 4. HP: 33/37 MP: 4/4
  1747 | D:3      | Found a sparkling altar of Nemelex Xobeh.
  1951 | D:3      | Reached XP level 5. HP: 40/42 MP: 5/5
  2191 | D:3      | Reached skill level 4 in Staves
  2227 | D:3      | Noticed Terence
  2243 | D:3      | Killed Terence
  2397 | D:3      | Gained mutation: Your spells are a little harder to cast, but a little more powerful. [potion of mutation]
  2397 | D:3      | Gained mutation: Your mind is acute. (Int +2) [potion of mutation]
  2397 | D:3      | Gained mutation: You are partially covered in rugged brown scales. (AC +1, +3% HP) [potion of mutation]
  2397 | D:3      | Gained mutation: You have sharp fingernails. [potion of mutation]
  2426 | D:4      | Noticed Pikel
  2426 | D:4      | Noticed a slave
  2426 | D:4      | Noticed a slave
  2426 | D:4      | Noticed a slave
  2426 | D:4      | Noticed a slave
  2437 | D:3      | Killed Pikel
  2437 | D:3      | Reached skill level 5 in Fighting
  2437 | D:3      | Reached skill level 5 in Staves
  2437 | D:3      | Reached skill level 5 in Shields
  2437 | D:3      | Reached XP level 6. HP: 36/52 MP: 6/6
  2437 | D:3      | Reached XP level 7. HP: 39/57 MP: 7/7
  2451 | D:4      | Reached skill level 6 in Staves
  2477 | D:4      | Reached XP level 8. HP: 48/65 MP: 8/8
  2606 | D:4      | Noticed Grinder
  2636 | D:4      | Killed Grinder
  2724 | D:4      | Found a basalt altar of Yredelemnul.
  2906 | D:4      | Noticed Ijyb
  2911 | D:4      | Killed Ijyb
  3261 | D:5      | Entered Level 5 of the Dungeon
  3317 | D:5      | Reached skill level 7 in Staves
  3705 | D:5      | Found a blossoming altar of Fedhas.
  4034 | D:5      | Found a staircase to the Ecumenical Temple.
  4366 | Temple   | Entered the Ecumenical Temple
  4386 | Temple   | Became a worshipper of Warmaster Okawaru
  4451 | D:6      | Reached skill level 1 in Invocations
  4594 | D:6      | Reached XP level 9. HP: 65/73 MP: 10/10
  4601 | D:6      | You fall through a shaft for 2 floors!
  4776 | D:8      | Reached skill level 8 in Staves
  4990 | D:6      | Noticed Ijustatesigmund's ghost (novice FoFi)
  5017 | D:6      | Killed Ijustatesigmund's ghost
  5017 | D:6      | Reached * piety under Okawaru
  5632 | D:6      | Reached skill level 5 in Invocations
  5886 | D:6      | Reached ** piety under Okawaru
  5902 | D:6      | Reached skill level 9 in Staves
  5906 | D:6      | Reached XP level 10. HP: 58/83 MP: 14/14
  6118 | D:7      | Found a shimmering altar of Xom.
  6196 | D:7      | Noticed Joseph
  6221 | D:7      | Slain by Joseph

Vault maps used:
D:1:      minmay_arrival_glassed_features
D:2:      cheibrodos_greedy_goblins, chequers_ecumenical_altar_island,
          kennysheep_generic_room_9
D:3:      nemelex_dance_club_becter, uniq_terence
D:4:      kennysheep_mini, serial_co_window_serial, co_window_corner_a,
          co_window_of_opportunity_a, co_window_paths_b, co_window_corner_a,
          co_window_of_opportunity_a, co_window_of_opportunity_a,
          co_window_corner_b, co_window_broadway_a, co_window_corner_b,
          co_window_4corner_a, glass_columns_a, glass_columns_a,
          glass_columns_b, first_bread, eino_small_chamber_without_monster,
          uniq_pikel, uniq_ijyb, uniq_grinder
D:5:      temple_doors_cd, fedhas_altar_4
D:6:      minmay_diamond_boxcup
D:7:      basic_altar, kennysheep_generic_room_5, uniq_joseph, uniq_duvessa
D:8:      minmay_curly_fans, dpeg_oklobed_lair
Temple:   regret_index_temple_sigil_plot

Skill      XL: |  1  2  3  4  5  6  7  8  9 10 |
---------------+-------------------------------+-----
Staves         | 3 5 6 7 9 |  9.1
Fighting       | 4 5 6 8 |  8.5
Shields        | 5 |  5.4
Armour         | 4 |  4.5
Invocations    | 1 5 6 |  6.0

Action                   |  1- 3 |  4- 6 |  7- 9 | 10-12 || total
-------------------------+-------+-------+-------+-------++-------
Melee: Quarterstaff      |   128 |   118 |   286 |    39 ||   571
       Trident           |       |       |       |    19 ||    19
Invok: Heroism           |       |       |       |     1 ||     1
 Abil: Dig               |     2 |     2 |     4 |     3 ||    11
       Shaft Self        |       |       |     1 |       ||     1
  Use: Scroll            |     2 |     4 |     6 |     1 ||    13
       Potion            |     1 |     4 |     2 |     1 ||     8
  Eat: Chunk             |     2 |     4 |     6 |     1 ||    13
       Fruit             |       |       |     3 |       ||     3
       Royal jelly       |       |       |     2 |       ||     2
       Bread ration      |       |       |       |     1 ||     1
Armor: Scale mail        |    71 |    23 |       |       ||    94
       Chain mail        |       |    11 |   122 |    22 ||   155
Dodge: Dodged            |    50 |    22 |    64 |     7 ||   143
Block: Shield            |    63 |    60 |   154 |    32 ||   309
